AoeStats
← NicoTheGreat999

Nomad

503527962Analyzed
3v3 RM · 1mo ago on Sep 1, 2026· 41m 10s· 6 players
Game mode
Random Map
Map size
210×210
Population
200
Speed
Normal
Resources
Standard
Victory
Conquest
Starting age
Dark Age
Ending age
Imperial Age
RankedLock teamsTeams togetherTeam positionsShared explorationLock speedFull tech treeHidden civsTurbo modeCheats
Victory
Defeat
🇵🇪 Huns · Peru
882
+13
🇦🇷 Bohemians · Argentina
855
+14
766
+18
🇨🇦 Japanese · Canada
863
-17
🇨🇦 Wei · Canada
847
-17
🇨🇦 Byzantines · Canada
731
-16
Kwasnica
11:49 Loom
17:51 Feudal Age
17:56 Feudal Age
21:11 Double-Bit Axe
22:57 Horse Collar
28:08 Man-at-Arms
31:43 Castle Age
30:22 Gold Mining
31:24 Scale Mail Armor
35:38 Long Swordsman
35:39 Pikeman
36:19 Squires
36:05 Arson
36:07 Gambesons
39:56 Forging
Vinnyloot
14:52 Feudal Age
15:47 Double-Bit Axe
22:07 Horse Collar
22:10 Fishing Lines
22:49 Gold Mining
22:50 Stone Mining
24:14 Bloodlines
26:22 Castle Age
27:14 Heavy Plow
27:53 Gold Shaft Mining
28:40 Town Watch
28:42 Loom
29:46 Bow Saw
29:18 Demolition Ship
30:53 Medium Warships
31:29 Thumb Ring
33:09 Gillnets
33:20 Pikeman
NicoTheGreat999
12:56 Feudal Age
14:33 Double-Bit Axe
25:06 Castle Age
25:15 Pikeman
25:17 Elite Skirmisher
28:55 Wheelbarrow
32:10 Stone Mining
35:40 Bow Saw
42:19 Imperial Age
40:08 Hand Cart
M. M. Hombre Metrico Decimal
16:11 Feudal Age
16:50 Man-at-Arms
26:56 Castle Age
25:31 Fletching
25:58 Stone Mining
27:00 Double-Bit Axe
29:54 Bow Saw
31:20 Gold Mining
33:54 Husbandry
35:05 Horse Collar
40:53 Scale Mail Armor
40:53 Padded Archer Armor
ALDY
6:12 Loom
18:04 Feudal Age
18:50 Double-Bit Axe
20:15 Horse Collar
22:44 Fishing Lines
26:13 Castle Age
25:22 Scale Mail Armor
25:33 Forging
27:51 Bow Saw
27:45 Heavy Plow
28:31 Chain Mail Armor
28:52 Iron Casting
28:22 Squires
27:45 Pikeman
30:56 Squires
31:02 Padded Archer Armor
32:20 Wagenburg Tactics
32:15 Fletching
37:03 Wheelbarrow
43:18 Imperial Age
jonathan_penia
5:13 Loom
15:23 Feudal Age
15:56 Double-Bit Axe
20:45 Castle Age
19:41 Gold Mining
20:09 Fishing Lines
21:33 Bloodlines
24:55 Forging
24:51 Scale Barding Armor
26:06 Gillnets
33:09 Pikeman
33:41 Horse Collar
37:01 Imperial Age
36:16 Wheelbarrow
36:27 Stone Mining
39:24 Bow Saw
40:23 Chemistry
39:19 Murder Holes
39:20 Halberdier
Connection lost

Rejoining the realm…

Still unreachable

The connection could not be restored.

Session expired

The server has moved on; the page needs a fresh start.